AoeStats
← Onestepbeyond

Scandinavia

510358896Analyzed
1v1 RM · 18h ago on Sep 30, 2026· 40m 42s· 2 players
Game mode
Random Map
Map size
Tiny (2 player)
Population
200
Speed
Normal
Resources
Standard
Victory
Conquest
Starting age
Dark Age
Ending age
Imperial Age
RankedLock teamsTeams togetherTeam positionsShared explorationLock speedFull tech treeHidden civsTurbo modeCheats
Victory
Defeat
🇩🇪 Gurjaras · Germany
891
+16
🇫🇷 Italians · France
897
-16
Bumibumi
9:38 Feudal Age
9:16 Loom
17:53 Castle Age
16:54 Double-Bit Axe
17:45 Horse Collar
18:38 Forging
30:03 Imperial Age
30:07 Wheelbarrow
30:29 Heavy Plow
31:33 Bloodlines
31:48 Husbandry
35:14 Iron Casting
34:45 Scale Barding Armor
35:26 Bow Saw
38:14 Padded Archer Armor
Onestepbeyond
3:42 Loom
12:19 Feudal Age
17:14 Castle Age
19:45 Horse Collar
19:54 Double-Bit Axe
24:24 Fletching
25:18 Wheelbarrow
27:13 Town Watch
27:38 Padded Archer Armor
30:17 Hand Cart
30:28 Heavy Plow
30:47 Bow Saw
38:10 Imperial Age
36:50 Bodkin Arrow
39:21 Ballistics
40:34 Chemistry
Connection lost

Rejoining the realm…

Still unreachable

The connection could not be restored.

Session expired

The server has moved on; the page needs a fresh start.